 Dungeon Crawl Stone Soup version 0.23-a0-480-g1869896531 (webtiles) character file.

191 Morrissey the Ruffian (level 5, -3/46 HPs)
             Began as a Troll Transmuter on Nov 29, 2018.
             Was an Initiate of Makhleb.
             Slain by a gnoll
             ... wielding a +0 spear
              (10 damage)
             ... on level 3 of the Dungeon.
             The game lasted 00:03:20 (1822 turns).

Morrissey the Ruffian (Troll Transmuter)            Turns: 1822, Time: 00:03:20

Health: -3/46      AC:  7    Str: 18    XL:     5   Next: 41%
Magic:  5/5        EV: 10    Int:  9    God:    Makhleb [......]
Gold:   159        SH:  0    Dex: 11    Spells: 5/6 levels left

rFire    . . .     SeeInvis .     - Unarmed
rCold    . . .     Gourm    +   (no shield)
rNeg     . . .     Faith    .   b - +0 robe
rPois    .         Spirit   .   (helmet restricted)
rElec    .         Reflect  .   f - +1 cloak
rCorr    .         Harm     .   (gloves unavailable)
MR       +....                  (boots unavailable)
Stlth    +.........             n - amulet of regeneration
HPRegen  0.95/turn              q - ring of protection from magic
MPRegen  0.09/turn              (no ring)

@: no status effects
A: large, unfitting armour, claws 3, fast metabolism 3, gourmand, regeneration
1, shaggy fur 1, tough skin 2
a: Renounce Religion


You were on level 3 of the Dungeon.
You worshipped Makhleb.
Makhleb was noncommittal.
You were completely stuffed.

You visited 1 branch of the dungeon, and saw 3 of its levels.

You collected 159 gold pieces.

Inventory:

Missiles
 a - 30 arrows
Armour
 b - a +0 robe (worn)
 f - a +1 cloak (worn)
Jewellery
 n - an amulet of regeneration (around neck)
 q - a ring of protection from magic (left claw)
Scrolls
 g - a scroll of enchant armour {unknown}
 h - 2 scrolls of amnesia {unknown}
 j - a scroll of magic mapping {unknown}
 k - 2 scrolls of teleportation {unknown}
 l - a scroll of identify {unknown}
 m - 2 scrolls of blinking {unknown}
 p - a scroll of immolation {unknown}
 t - a scroll of enchant weapon {unknown}
Potions
 c - a potion of magic {unknown}
 e - 2 potions of resistance {unknown}
 i - 2 potions of degeneration {unknown}
 o - a potion of curing {unknown}
 r - a potion of cancellation {unknown}
Comestibles
 d - 4 rations


   Skills:
 - Level 0.8 Fighting
 - Level 1.6 Dodging
 + Level 6.1 Unarmed Combat
 - Level 1.2 Spellcasting
 - Level 1.4 Transmutations


You had 5 spell levels left.
You knew the following spells:

 Your Spells              Type           Power        Failure   Level  Hunger
a - Beastly Appendage     Tmut           #.....       21%         1    ##.....

Your spell library contained the following spells:

 Spells                   Type           Power        Failure   Level  Hunger
 Sticks to Snakes         Tmut           #.......     30%         2    ###....
 Spider Form              Tmut/Pois      #.........   63%         3    ####...
 Ice Form                 Ice/Tmut       #.......     95%         4    #####..
 Blade Hands              Tmut           #.........   99%         5    ######.


Dungeon Overview and Level Annotations

Branches:
Dungeon (3/15)

Altars:
Kikubaaqudgha
Makhleb
Okawaru


Innate Abilities, Weirdness & Mutations

You are too large for most types of armour.
You have claws for hands.
Your metabolism is lightning-fast.
You like to eat raw meat.
Your natural rate of healing is unusually fast.
You are covered in fur. (AC +1)
You have very tough skin. (AC +2)


Message History

The gnoll is moderately wounded.
The gnoll hits you with a +1 whip of electrocution.
You are electrocuted!
* * * LOW HITPOINT WARNING * * *
You scratch the gnoll.
The gnoll is moderately wounded.
You closely miss the gnoll.
The gnoll is moderately wounded.
The gnoll barely misses you. The gnoll misses you.
You scratch the gnoll.
The gnoll is severely wounded.
The gnoll hits you with a +1 whip of electrocution.
* * * LOW HITPOINT WARNING * * *
The gnoll hits you from afar with a +0 spear!
* * * LOW HITPOINT WARNING * * *
You claw the gnoll!
You kill the gnoll!
Makhleb accepts your kill.
The gnoll hits you from afar with a +0 spear!
You die...

###
#.######################
#...gg)@................
#.######################
##.########
#######..........
......gg####....#
................#
........####... #
####### .......$#
#...... ........#
#.#####


You could see 2 gnolls.

Vanquished Creatures
  A crimson imp (D:2)
  6 gnolls
  5 adders (D:2)
  4 leopard geckos
  A giant cockroach (D:2)
  4 goblins
  5 hobgoblins
  4 jackals (D:2)
  A quokka (D:2)
  A ball python (D:2)
  5 bats
  7 frilled lizards
  6 kobolds
  A leopard gecko zombie (D:3)
  5 rats (D:1)
56 creatures vanquished.

Notes
Turn   | Place    | Note
-------+----------+-------------------------------------------
     0 | D:1      | Morrissey the Troll Transmuter began the quest for the Orb.
     0 | D:1      | Reached XP level 1. HP: 18/18 MP: 1/1
   322 | D:1      | Reached XP level 2. HP: 21/26 MP: 2/2
  1066 | D:2      | Reached skill level 4 in Unarmed Combat
  1078 | D:2      | Reached XP level 3. HP: 29/32 MP: 3/3
  1131 | D:2      | Found an ancient bone altar of Kikubaaqudgha.
  1175 | D:2      | Reached XP level 4. HP: 27/40 MP: 4/4
  1181 | D:2      | Reached skill level 5 in Unarmed Combat
  1283 | D:2      | Found an iron altar of Okawaru.
  1387 | D:2      | Found a burning altar of Makhleb.
  1395 | D:2      | Became a worshipper of Makhleb the Destroyer
  1409 | D:2      | Reached XP level 5. HP: 46/46 MP: 5/5
  1474 | D:2      | Found a faded altar of an unknown god.
  1668 | D:3      | Reached skill level 6 in Unarmed Combat
  1822 | D:3      | Slain by a gnoll

Vault maps used:
D:1:      dpeg_arrival_shelter, minmay_pentomino_x4
D:2:      makhleb_grotto_becter, nicolae_overflow_crystal_walls,
          old_standard_altar, chequers_ecumenical_altar_island
D:3:      cheibrodos_old_hovel, tgw_sif, patterned_corridor, uniq_jessica

Skill      XL: |  1  2  3  4  5 |
---------------+----------------+-----
Unarmed Combat | 4 5 6 |  6.1
Fighting       | |  0.8
Dodging        | |  1.6
Spellcasting   | |  1.2
Transmutations | |  1.4

Action                   |  1- 3 |  4- 6 || total
-------------------------+-------+-------++-------
Melee: Unarmed           |    99 |    70 ||   169
       Punch             |     2 |       ||     2
 Stab: Sleeping          |     2 |       ||     2
  Eat: Chunk             |    16 |     6 ||    22
Armor: Robe              |    36 |    25 ||    61
Dodge: Dodged            |    44 |    32 ||    76

Table legend:
 A = Non-vault XP
 B = Vault XP
 C = Vault XP percentage of total XP
 D = Non-vault monster count
 E = Vault monster count
 F = Vault count percentage of total count
                 A         B        C        D         E       F
            +---------+---------+-------+---------+---------+-------
      Total |     221 |      52 |  19.0 |      53 |       3 |   5.4
            +---------+---------+-------+---------+---------+-------
        D:1 |      30 |       2 |   6.2 |      19 |       2 |   9.5
        D:2 |     160 |      50 |  23.8 |      30 |       1 |   3.2
        D:3 |      31 |       0 |   0.0 |       4 |       0 |   0.0
            +---------+---------+-------+---------+---------+-------
